Cogmind - Beta 17.1 @@@ ROGUE MODE // 2026.08.23 @ 09:57:02 Player: Scuttle Result: Destroyed by Triborg with Siege Cannon Performance ------------- Evolutions (0) 0 Regions Visited (3) 600 Robots Destroyed (47) 235 Value Destroyed (985) 985 Prototype IDs (5) 100 Alien Tech Used (0) 0 Bonus (6108) 6108 TOTAL SCORE: 8028 Bonus ------- Follower Combat Kills 394 Prayed to X0-1V1 5000 Major X0-1V1 Interference 600 Registered with UFD 300 Friendly Fire -186 Cogmind --------- Core Integrity 0/250 Matter 110/300 Energy 157/160 System Corruption 0% Temperature Cool (24) Movement Treading (320) Ox2 Location -8/Scraptown Parts ------- > --- POWER (1) -------- Light Nuclear Core > --- PROPULSION (2) --- Light Treads > --- UTILITY (2) ------ Large Storage Unit Medium Reactive Plating > --- WEAPON (3) ------- Autogun Subdweller Machine Gun > --- INVENTORY (15) --- Subdweller Power Source Subdweller Power Source Spiked Treads Spiked Treads Armored Treads Improved Heat Sink Deep Structural Scanner Improved Targeting Computer Hardened Medium Armor Plating Subdweller Laser CPS Tube (2) CPS Tube (2) Peak State ------------ > --- POWER ------------ Light Nuclear Core > --- PROPULSION ------- Spiked Treads Armored Treads > --- UTILITY ---------- Large Storage Unit X0-1V1's Piety Tracker > --- WEAPON ----------- Heavy Assault Rifle Heavy Assault Rifle Autogun > --- INVENTORY -------- Subdweller Power Source Subdweller Power Source Light Treads Spiked Treads Improved Heat Sink Deep Structural Scanner Propulsion Shielding Hardened Medium Armor Plating Medium Reactive Plating Subdweller Machine Gun Improved Grenade Launcher CPS Tube [Rating: 31] Favorites ----------- Power Light Nuclear Core Engine Ion Engine Power Core Light Nuclear Core Propulsion Light Treads Treads Light Treads Wheel Compact Wheel Utility Large Storage Unit Device X0-1V1's Piety Tracker Storage Large Storage Unit Protection Propulsion Shielding Weapon Assault Rifle Energy Gun Small Laser Ballistic Gun Assault Rifle Launcher Grenade Launcher Build | -11 -10 -10 -8 ------- Run | Yrd Mat Sub Scr Slots Evolved . | . . . . Power . | . . . . Propulsion . | . . . . Utility . | . . . . Weapon . | . . . . Parts Attached 39 | 6 18 4 11 Power 7 | 1 6 . . Engine 6 | 1 5 . . Core 1 | . 1 . . Reactor . | . . . . Propulsion 10 | 2 5 1 2 Treads 7 | 2 2 1 2 Leg . | . . . . Wheel 3 | . 3 . . Hover . | . . . . Flight . | . . . . Utility 9 | . 4 1 4 Device 5 | . 2 1 2 Storage 1 | . 1 . . Processor . | . . . . Hackware . | . . . . Protection 3 | . 1 . 2 Artifact . | . . . . Weapon 13 | 3 3 2 5 Energy Gun 4 | 2 . 1 1 Energy Cannon . | . . . . Ballistic Gun 7 | 1 2 1 3 Ballistic Cannon . | . . . . Launcher 2 | . 1 . 1 Special Weapon . | . . . . Impact Weapon . | . . . . Slashing Weapon . | . . . . Piercing Weapon . | . . . . Special Melee Weapon . | . . . . Unidentified Prototypes 1 | . 1 . . Parts Lost 3 | . 2 . 1 Power . | . . . . Propulsion 1 | . 1 . . Utility 1 | . 1 . . Weapon 1 | . . . 1 Highest Loss Streak 1 | . 1 . 1 To Critical Strikes . | . . . . Average Backups 8 | . 3 11 11 Power 1 | . 1 2 1 Propulsion 1 | . . 3 2 Utility 2 | . . 2 3 Weapon 2 | . 1 3 3 Tool/Special . | . . . . Unused Backups 13 | . . . 13 Power 3 | . . . 3 Propulsion 3 | . . . 3 Utility 3 | . . . 3 Weapon 2 | . . . 2 Tool/Special 2 | . . . 2 Average Slot Usage (%) 92 | . 88 99 94 Engine 4 | . 13 . . Core 7 | . . 12 11 Treads 22 | . 18 25 24 Wheel 1 | . 5 . . Device 8 | . 4 11 11 Storage 10 | . 12 12 9 Protection 2 | . 4 . 1 Energy Gun 8 | . 9 10 8 Ballistic Gun 23 | . 18 25 26 Peak Build Rating 31 | 5 21 26 31 Average Rating 19 | 4 6 23 26 On Entrance 13 | . 5 21 26 Avg Prop Armor Cover (%) 38 | . 11 . 40 Naked Turns . | . . . . Heaviest Build 43 | 9 30 32 43 Greatest Support 42 | 40 40 40 42 Greatest Overweight (x) 2 | . 2 . 1 Average Overweight (x) . | . . . . Largest Inventory Capacity 15 | 5 15 15 15 Average Capacity 13 | 5 13 15 12 Most Carried 15 | 2 8 15 15 Average Carried 8 | . 3 11 12 Final Capacity 15 | 5 15 15 15 Final Carried 15 | 2 8 15 12 Class Distribution -------------------- 42% | Gunner 40% | Mutant 12% | Derelict-Gunner Dominant Class ---------------- Mutant | -10/Materials Gunner | -10/Subcaves Gunner | -8/Scraptown Resources | -11 -10 -10 -8 ----------- Run | Yrd Mat Sub Scr Matter Collected 998 | 174 478 208 138 Remotely . | . . . . Salvage Created 1620 | . 1107 312 201 Parts 120 | . 79 31 10 Haulers Intercepted 2 | . 2 . . Recyclers Shooed 2 | . 2 . . Parts Field Recycled . | . . . . Retrieved Matter . | . . . . Parts Self-Destructed 10 | . . 10 . Prevented . | . . . . Parts Restored . | . . . . Kills | -11 -10 -10 -8 ------- Run | Yrd Mat Sub Scr Combat Hostiles Destroyed 34 | . 24 7 3 Guns 33 | . 23 7 3 Classes Destroyed 12 | . 8 1 3 Worker 3 | . 3 . . Builder 3 | . 3 . . Tunneler 1 | . 1 . . Hauler 2 | . 2 . . Recycler 1 | . 1 . . Watcher 3 | . 3 . . Swarmer 13 | . 9 4 . Grunt 15 | . 15 . . Subdweller 3 | . . 3 . Bolteater 1 | . . . 1 Explorer 1 | . . . 1 Scrapper 1 | . . . 1 Best Kill Streak 8 | . 8 3 1 Combat Bots Only 5 | . 5 3 1 Max Kills in Single Turn 2 | . 2 1 1 Gunslinging 1 | . 1 . . Exploded . | . . . . Melee . | . . . . Uniques/NPCs Destroyed . | . . . . Combat | -11 -10 -10 -8 -------- Run | Yrd Mat Sub Scr Hostile Shots Fired 160 | . 109 21 30 Missed 39 | . 24 7 8 Hits 121 | . 85 14 22 Melee 13 | . . . 13 Projectile 108 | . 85 14 9 Critical Strikes 1 | . . . 1 Damage Taken 1602 | . 877 195 530 Core 257 | . 153 32 72 Absorbed by Shields . | . . . . Redirected to Shielding 10 | . 10 . . Ignored by Resistances 94 | . . . 94 Regen/Repaired (Parts) 560 | . 117 . 443 Core Remaining (%) 100 | 100 . . . Volleys Fired 126 | . 91 24 11 Largest 3 | . 2 3 3 Hottest 100 | . 100 83 76 Shots Fired 277 | . 181 67 29 Gun 276 | . 180 67 29 Cannon . | . . . . Launcher 1 | . 1 . . Special . | . . . . Kinetic 152 | . 77 48 27 Thermal 124 | . 103 19 2 Explosive 1 | . 1 . . Electromagnetic . | . . . . Robot Hit Streak 15 | . 14 15 6 Robot Miss Streak 4 | . 4 4 3 Penetration Max . | . . . . Secondary Targets 5 | . 4 1 . Max Gunslinging Chain 1 | . 1 1 . Shots Hit Robots 169 | . 115 41 13 Core Hits 85 | . 57 19 9 Critical Kills 1 | . 1 . . Critical Parts Destroyed . | . . . . Critical Strikes 3 | . 3 . . Burn 2 | . 2 . . Destroy 1 | . 1 . . Melee Attacks . | . . . . Impact . | . . . . Slashing . | . . . . Piercing . | . . . . Sneak Attacks . | . . . . Combat Hostiles . | . . . . Follow-up Attacks . | . . . . Damage Inflicted 2287 | . 1511 531 245 Guns 2266 | . 1490 531 245 Cannons . | . . . . Explosions . | . . . . Melee . | . . . . Ramming 21 | . 21 . . Kinetic 1222 | . 582 395 245 Thermal 1044 | . 908 136 . Explosive . | . . . . Electromagnetic . | . . . . Impact . | . . . . Slashing . | . . . . Piercing . | . . . . Highest Corruption . | . . . . Average Corruption . | . . . . Corruption Purged . | . . . . Corruption Blocked . | . . . . Overload Shots . | . . . . Overflow Damage . | . . . . Projectiles . | . . . . Explosions . | . . . . Melee . | . . . . Knockbacks . | . . . . Impact . | . . . . Kinetic . | . . . . Secondary . | . . . . Self-Inflicted Damage . | . . . . Shots . | . . . . Rammed 4 | . 4 . . Targets Rammed 4 | . 4 . . Kicked . | . . . . Crushed . | . . . . Highest Temperature 183 | . 183 . 132 Average Temperature 54 | . 54 . 50 Received Heat Transfer 396 | . 384 6 6 Siege Activations . | . . . . Martial Activations . | . . . . Shielding Activations . | . . . . Robots Disrupted . | . . . . Combat Hostiles . | . . . . Robots Corrupted . | . . . . Combat Hostiles . | . . . . Parts Fried . | . . . . Impact Corruptions . | . . . . Robots Melted 1 | . 1 . . Combat Hostiles 1 | . 1 . . Parts Melted 8 | . 8 . . Heat Transferred 3112 | . 2812 300 . Parts Sabotaged . | . . . . Parts Stolen 3 | . . . 3 Parts Stripped . | . . . . Power Chain Reactions . | . . . . Alert | -11 -10 -10 -8 ------- Run | Yrd Mat Sub Scr Maximum Alert Level 1 | . 1 . . Low Security (%) 92 | 100 92 . . Level 1 7 | . 7 . . Level 2 . | . . . . Level 3 . | . . . . Level 4 . | . . . . Level 5 . | . . . . High Security . | . . . . Max Security . | . . . . Peak Influence 230 | . 230 . . Initial . | . . . . Average 110 | . 114 . . Influence Increases 857 | . 757 100 . Destroy 0b10 Robot/C 560 | . 480 80 . Destroy 0b10 Robot/NC 65 | . 65 . . Destroy Leader 130 | . 110 20 . Successful Hack 18 | . 18 . . Select Force Hacks 60 | . 60 . . Destroy Structure 9 | . 9 . . Lose Combat Pursuer 15 | . 15 . . Influence Decreases 857 | . 545 290 22 Entered New Map 125 | . . 103 22 Time Decay 712 | . 525 187 . Lost Part 20 | . 20 . . Squads Dispatched 5 | . 5 . . Investigation 3 | . 3 . . Extermination . | . . . . Reinforcement 2 | . 2 . . Assault . | . . . . Garrison . | . . . . Intercept . | . . . . Searches Triggered . | . . . . Construction Impeded . | . . . . Haulers Reinforced . | . . . . Active Scanning Responses . | . . . . Cargo Convoy Interrupts . | . . . . Stealth | -11 -10 -10 -8 --------- Run | Yrd Mat Sub Scr Distress Signals 2 | . 2 . . Communications Jammed . | . . . . Distress Signals . | . . . . Times Spotted 64 | . 37 8 19 Peak Tracking Total 20 | . 4 3 20 Tactical Retreats 1 | . 1 . . Traps | -11 -10 -10 -8 ------- Run | Yrd Mat Sub Scr Traps Triggered . | . . . . Indirectly . | . . . . Trap Hack Attempts . | . . . . Triggered . | . . . . Disarmed 6 | . 6 . . Reprogrammed . | . . . . Reused . | . . . . Traps Extracted . | . . . . Installed . | . . . . Triggered . | . . . . Machines | -11 -10 -10 -8 ---------- Run | Yrd Mat Sub Scr Machines Disabled 3 | . . . 3 Max in Single Turn 1 | . . . 1 Machines Repaired . | . . . . Machines Dismantled . | . . . . Machines Sabotaged . | . . . . Overloaded Fab Kills . | . . . . Hacking | -11 -10 -10 -8 --------- Run | Yrd Mat Sub Scr Machines Accessed 11 | . 9 . 2 Terminals 6 | . 6 . . Fabricators . | . . . . Repair Stations 1 | . 1 . . Recycling Units 2 | . 2 . . Scanalyzers . | . . . . Garrison Access . | . . . . Total Hacks 40 | . 21 . 19 Successful 32 | . 13 . 19 Failed 7 | . 7 . . Catastrophic . | . . . . Database Lockouts 1 | . 1 . . Manual 12 | . 12 . . Terminals 17 | . 17 . . Fabricators . | . . . . Repair Stations 2 | . 2 . . Recycling Units 2 | . 2 . . Scanalyzers . | . . . . Garrison Access . | . . . . Terminal Hacks 25 | . 6 . 19 Record 14 | . . . 14 Robot Analysis 6 | . 1 . 5 Prototype ID Bank 4 | . 4 . . Disarm Traps 1 | . 1 . . Fabricator Hacks . | . . . . Repair Station Hacks 2 | . 2 . . Scan Component 1 | . 1 . . Repair 1 | . 1 . . Recycling Unit Hacks . | . . . . Scanalyzer . | . . . . Garrison Access Hacks . | . . . . Unauthorized Hacks 5 | . 5 . . Terminals 3 | . 3 . . Botnet 2 | . 2 . . Search 1 | . 1 . . Fabricators . | . . . . Repair Stations . | . . . . Recycling Units 2 | . 2 . . Tunnel 2 | . 2 . . Scanalyzers . | . . . . Garrison Access . | . . . . Data Cores Recovered . | . . . . Used . | . . . . Hacking Detections 6 | . 6 . . Full Trace Events . | . . . . Feedback Events . | . . . . Feedback Blocked . | . . . . Robot Schematics Acquired . | . . . . Robots Built . | . . . . Authchips . | . . . . Time . | . . . . Total Robot Build Rating . | . . . . Part Schematics Acquired . | . . . . Parts Built . | . . . . Authchips . | . . . . Time . | . . . . Total Part Build Rating . | . . . . Part Studies Acquired . | . . . . Parts Repaired 1 | . 1 . . Time 26 | . 26 . . Parts Recycled . | . . . . Recycled Matter . | . . . . Retrieved Matter . | . . . . Retrieved Components . | . . . . Parts Scanalyzed . | . . . . Part Schematics Acquired . | . . . . Parts Damaged . | . . . . Bothacking | -11 -10 -10 -8 ------------ Run | Yrd Mat Sub Scr Used RIF Installer . | . . . . Robots Hacked . | . . . . Non-combat . | . . . . Combat . | . . . . Robot Hacks Applied . | . . . . Relay Couplers Released . | . . . . Fabnet Peak Effective % . | . . . . Robots Rewired . | . . . . Allies Hacked . | . . . . Hacks Repelled . | . . . . Allies | -11 -10 -10 -8 -------- Run | Yrd Mat Sub Scr Total Allies 1 | . . . 1 Largest Group 1 | . . . 1 Highest-Rated Group 464 | . . . 464 Highest-Rated Ally 464 | . . . 464 Total Orders . | . . . . Ally Attacks 8 | . . . 8 Total Damage 2167 | . . . 2167 Kills 13 | . . . 13 Allies Corrupted . | . . . . Allies Melted . | . . . . X0-1V1 Amusement Gains 34 | . 14 . 20 Average Entertainment 5 | . 14 6 3 Good Acts 2 | . . 2 . Bad Acts 4 | . . 3 1 Intel | -11 -10 -10 -8 ------- Run | Yrd Mat Sub Scr Active Infowar (turns) 1 | . . . 1 Structural 1 | . . . 1 Robot Analysis Total 6 | . 1 . 5 Derelict Logs Recovered 6 | . . 1 5 Drone Launches . | . . . . Drone Recoveries . | . . . . Exploration | -11 -10 -10 -8 ------------- Run | Yrd Mat Sub Scr Turns Passed 5600 | 64 1892 616 3028 Spaces Moved 3249 | 36 959 327 1927 Core 227 | 3 . . 224 Treads 2713 | 33 650 327 1703 Legs . | . . . . Wheels 309 | . 309 . . Hover . | . . . . Flight . | . . . . Fastest Speed 50 | 50 100 160 50 Average Speed 154 | 150 158 160 151 Slowest Speed 255 | 160 240 160 255 Overloaded Moves . | . . . . Propulsion Burnouts . | . . . . Robots Hopped . | . . . . Potential Cave-ins . | . . . . Cave-ins Triggered . | . . . . Exploration Rate (%) 53 | 4 98 30 81 Regions Visited 3 Branch Regions 2 Pre-discovered Areas 7 | . 2 . 5 Known Exits Taken . | . . . . Unknown Exits Taken 3 | 1 1 1 . Scrap Searched 5 | . . . 5 Spaces Dug . | . . . . Terrain Destroyed 8 | . 8 . . Melee . | . . . . Projectile . | . . . . AOE 8 | . 8 . . Terrain Rammed . | . . . . Walls Destroyed . | . . . . Machines Disabled . | . . . . Actions | -11 -10 -10 -8 --------- Run | Yrd Mat Sub Scr Total 3577 | 43 1148 372 2014 Wait 57 | . 53 4 . Move 3246 | 35 958 326 1927 Hop . | . . . . Pick Up 48 | 2 8 8 30 Fast Attach 19 | 5 6 1 7 Attach 10 | . 3 2 5 Detach 9 | . 5 2 2 Swap 26 | 1 12 2 11 Drop 32 | . 8 3 21 Fire 126 | . 91 24 11 Melee . | . . . . Ram . | . . . . Kick . | . . . . Crush 4 | . 4 . . Escape Stasis . | . . . . Rewire . | . . . . Trap . | . . . . Miscellaneous . | . . . . Route ------- -11/Scrapyard -10/Materials (discovered 6 exits: [*Mat x3] / [*Min x2] / [*Sub]) -10/Subcaves -8/Scraptown (discovered 1 exit: [*Fac]) History --------- Turn | Location | Event 43 | -11/Scrapyard | Discovered new exit (range 14) 65 | -11/Scrapyard | Entered Materials 263 | -10/Materials | Discovered new exit (range 6) 301 | -10/Materials | Build established: Mutant 338 | -10/Materials | Discovered new exit (range 10) 983 | -10/Materials | Discovered new exit (range 10) 1029 | -10/Materials | Discovered new exit (range 7) 1190 | -10/Materials | Core integrity fell below 50% 1622 | -10/Materials | Repaired Lgt. Treads 1685 | -10/Materials | Discovered new exit (range 15) 1727 | -10/Materials | Central database locked down 1916 | -10/Materials | Discovered new exit (range 9) 1929 | -10/Materials | Prayed at D.C.S.S. Altar Unit 1957 | -10/Materials | Entered Subcaves 1958 | -10/Subcaves | Approached by a straggling Scientist 1966 | -10/Subcaves | A swath of the cavern ceiling suddenly collapsed 2028 | -10/Subcaves | A swath of the cavern ceiling suddenly collapsed 2028 | -10/Subcaves | Weapon slot count permanently improved by X0-1V1 (+1) 2055 | -10/Subcaves | X0-1V1 upgraded hostiles (x1) 2217 | -10/Subcaves | Learned location of 1 exit from Materials 2266 | -10/Subcaves | X0-1V1 caused items to flee you 2341 | -10/Subcaves | Scientist uncovered a shortcut to Scraptown 2457 | -10/Subcaves | Items stopped fleeing you 2504 | -10/Subcaves | Build established: Gunner 2573 | -10/Subcaves | Entered Scraptown 3034 | -8/Scraptown | Scanned Subdweller tech in exchange for log data 3037 | -8/Scraptown | Learned location of 1 exit from Factory 3038 | -8/Scraptown | Learned Factory stockpile data 3042 | -8/Scraptown | Learned Research emergency access door positions 3047 | -8/Scraptown | Learned location of Quarantine (-2) 3048 | -8/Scraptown | Learned location of Extension (-6) 3067 | -8/Scraptown | Discovered new exit (range 11) 3182 | -8/Scraptown | Visited CR-KLE's Repair Center 3194 | -8/Scraptown | CR-KLE repaired 7 parts 3633 | -8/Scraptown | Heard Great Nut preacher, LISTEN AND RECITE! 3827 | -8/Scraptown | Visited UFD Registry 3827 | -8/Scraptown | Registered with UFD as "Kineticycle" 4005 | -8/Scraptown | Guru changed UFD alias to "Scrappod" 4170 | -8/Scraptown | Visited Cartography Club 4335 | -8/Scraptown | Delivered Scrap Shield to a Scientist 4433 | -8/Scraptown | Visited Analyses Database 4471 | -8/Scraptown | Visited Derelict Rescue Squad 4530 | -8/Scraptown | Visited Science Testing Area 4553 | -8/Scraptown | Visited DA-N13 Charitable Foundation 4568 | -8/Scraptown | Found DCF Scrap (32 items) 4718 | -8/Scraptown | Found Deep Structural Scanner 4774 | -8/Scraptown | Learned location of Zion (-6) 4774 | -8/Scraptown | Learned 16 Materials zone layouts 4774 | -8/Scraptown | Learned 12 Factory zone layouts 4774 | -8/Scraptown | Learned 4 Storage zone layouts 4774 | -8/Scraptown | Learned 12 Upper Caves zone layouts 4774 | -8/Scraptown | Learned 24 Upper Caves zone layouts 4774 | -8/Scraptown | Learned Research emergency access door positions 4774 | -8/Scraptown | Learned location of 2 exits from Lower Caves 4774 | -8/Scraptown | Learned location of 2 exits from Proximity Caves 5054 | -8/Scraptown | Visited Observation Area 5069 | -8/Scraptown | Visited Curators Association 5194 | -8/Scraptown | Build established: Derelict-Gunner 5454 | -8/Scraptown | X0-1V1 brought Wyrm Statue to life 5454 | -8/Scraptown | Attacked by Scraptown defenders 5591 | -8/Scraptown | X0-1V1 sent you into danger 5601 | -8/Scraptown | Destroyed by Triborg with Siege Cannon Last Messages --------------- 05595_ Siege Slug penetrates Wall. 05597_ Q5-FQV(r) follow-up attacks with Ripteeth. 05597_ Bolt penetrates Chaos Wyrm. 05597_ UK-A77(r) destroyed. 05597_ Penetrated by Siege Slug. 05597_ Imp. Grenade Launcher ripped off. 05598_ Machine disabled. 05598_ Q5-FQV(r) follow-up attacks with Ripteeth. 05598_ 3X-9CT(g) destroyed. 05599_ X0-1V1 is amused. 05599_ Adv. Treads ripped off. 05599_ AJ-TJP(r) follow-up attacks with Ripteeth. 05599_ Slug penetrates Chaos Wyrm. 05599_ AJ-TJP(r) destroyed. 05599_ Penetrated by Siege Slug. 05600_ PP-YHE(j) heat short circuits Lgt. Deuterium Engine. 05600_ Hvy. Assault Rifle ripped off. X0-1V1's Piety Tracker suddenly appears amidst shimmering waves of color. 05601_ Penetrated by Siege Slug. 05601_ X0-1V1 guffaws! Map ----- +----------------------------------------------------+ | ## ##??????????????????????# #?# ?????????" | | ## ########????????########## ### ############ | | "" """""""#?????""""""" # | | "" " "#????#""""""" # | | "" ! ! "#????#""""""" # | | " " ]= "#????#""""""" # [ | | " ! [ "#????#"""""" # | | " " *! "#????#""" # ################# | | "" " ]* "#????#""""""" # #?#####?????????# | | ## " /!= "#????#""""""" # # """"????????# | | ## " "#????#""""""" # # """ "????????# | | "" """" ""#????#""""""" """ ???????# | | " #### ###?????""""""" # # " " ""??????# | | " #### ###????????######## # "??????# | | " """" ""#???????????????# #? """ "#?????# | | " "#???????????????# #? "" ???????# | | " " "" "#???????????????# #?? """????????# | | " " "" "#???????????????# #?? ???????# | | " " "#??????#########;g # " ???????# | | " ""#?????? ; ! ?"" ???????# | | " " """""#??????? ; ! ?????""???????# | | " """""""#?????? """ # % *# ###???????????# | | " """""""??????# """ # ##??????????# | | " ######???????# """ !%# j ############ | | " #????????????# """ % ;DD *%%[ | | " #???X""#?????# """ /@%=DD %=[[ | | " #?? "#?????# r%/%! !E E | | #? "#?????# != # /%!E p | | " #? "#?????#######;### ! | | " #" "#????????## %=%[ | | "" #" "#????????# * [ | | ## #"" """###########TT | | ?# TT ###### ############# #### | | ## #???# ????????? ?? | | "" #"" """##"" """### #???#" ??????#" | | "" #" "#?"" ???# #???#" ????#"" | | "" #"" "#??" ????# #???#" ???#"" | | "" #?" "#??" ?????# #???#### #####???#"" | | "" #?? " "#?????????# #???????"#???????#"" | | #???" "#?????????# #??????? ????????"" " | | " #?????"#?????????# #??????????????????"""""X | | "" #????????????????# #???????????????????""""" | | "" #######??#####???# #???????????????????###?? | | "" """""""#?#"""#???# #???????????????????????? | | "" " "#?#" "#???# #??????????????????????## | | ## " """ "#?# #???# #??????????????????????"" | | ?# " """ "#?# ##### #?????????????????????""" | | ## " """ "??# ##????????????##????"""" | | "" " """ "??# #???????????? | | " " """ "??# ##???###???### ##??#"" " | +----------------------------------------------------+ Best States ------------- Heat Dissipation 35 Energy Generation 14 Energy Capacity 960 Matter Stores 300 Matter Capacity 300 Sight Range 16 Terrain Scan Density 10 Armor Coverage 225 Resistance: KI 30 Propulsion Shielding 33 Evasion (%) 50 Recoil Reduction 2 Item Schematics ----------------- None Robot Schematics ------------------ None Fabricated ------------ Nothing Repaired ---------- Lgt. Treads | 16% | -10/Materials Studied --------- None Alien Tech Used ----------------- None Achievements -------------- None Challenges ------------ None Game ------ Seed GhostPulseMagmablaster Manual? 0 Play Time 00:29:46 Cumulative 594.9 hours Start 2026.08.23 @ 09:23:10 End 2026.08.23 @ 09:57:02 Sessions 1 Manual Loads 0 Difficulty Rogue Special Mode None Game No. 251 Rogue 251 Adventurer 0 Explorer 0 Win Type - Total 35 Types 16/4/4/2/1/2/2/2/1/1 Lore% 89 Gallery% 82 Achievement% 77 Wizard Run 0 Options --------- Layout 0 ASCII 0 Keyboard 1 Movement Arrows Keybinds 0 Fullscreen 2 Font 18/Terminus Map View 76x50 Zoom Use 0% Tactical HUD 1 Map Filters BRIGHTNESS(90)|SATURATION(90) Filters NONE Steam 1 RUN: 498dfd3a-54c1-4214-baf1-256ee9cdf352